 Dungeon Crawl Stone Soup version 0.28-a0-987-g8383568036 (webtiles) character file.

Game seed: 15536614786136556921

14680 Peloso the Carver (level 11, -2/99 HPs)
             Began as a Minotaur Fighter on Dec 4, 2021.
             Was a High Priest of Okawaru.
             Slain by a shadow (21 damage)
             ... on level 11 of the Dungeon.
             The game lasted 00:19:44 (12292 turns).

Peloso the Carver (Minotaur Fighter)               Turns: 12292, Time: 00:19:45

Health: -2/99      AC: 22    Str: 29    XL:     11   Next: 91%
Magic:  11/11      EV: 10    Int:  5    God:    Okawaru [*****.]
Gold:   612        SH:  6    Dex: 12    Spells: 10/10 levels left

rFire   . . .      SeeInvis .   a - +3 long sword (freeze)
rCold   . . .      Faith    .   c - +0 buckler
rNeg    . . .      Spirit   .   l - +0 plate armour
rPois   .          Reflect  .   (helmet restricted)
rElec   .          Harm     .   g - +0 cloak
rCorr   .          Rampage  .   j - +0 pair of gloves
Will    .....                   (no boots)
Stlth   ..........              n - amulet of the acrobat
HPRegen 0.26/turn               s - +4 ring of protection
MPRegen 0.12/turn               y - +6 ring of strength

@: no status effects
A: horns 2, retaliatory headbutt
a: Renounce Religion, Heroism, Finesse, Duel


You were on level 11 of the Dungeon.
You worshipped Okawaru.
Okawaru was extremely pleased with you.
You visited 2 branches of the dungeon, and saw 12 of its levels.
You visited the Abyss 1 time.

You collected 612 gold pieces.

Inventory:

Hand Weapons
 a - a +3 long sword of freezing (weapon)
Missiles
 E - 2 throwing nets (quivered)
Armour
 b - a +0 scale mail
 c - a +0 buckler (worn)
 g - a +0 cloak (worn)
 j - a +0 pair of gloves (worn)
 l - a +0 plate armour (worn)
Jewellery
 n - an amulet of the acrobat (around neck)
 o - a +4 ring of evasion
 s - a +4 ring of protection (left hand)
 u - a +4 ring of protection
 y - a +6 ring of strength (right hand)
 G - an amulet of regeneration
 H - a ring of magical power
 J - a ring of magical power
 P - an amulet of reflection
 Q - a ring of resist corrosion
Wands
 f - a wand of flame (48)
 K - a wand of paralysis (5)
 M - a wand of mindburst (7)
 N - a wand of polymorph (1)
 O - a wand of digging (7)
Scrolls
 e - 3 scrolls of teleportation
 i - a scroll of holy word
 p - a scroll of brand weapon
 q - 5 scrolls of noise {unknown}
 t - 2 scrolls of enchant weapon
 v - 3 scrolls of blinking {unknown}
 w - 2 scrolls of immolation
 C - 4 scrolls of fear {unknown}
 D - 3 scrolls of amnesia
 F - a scroll of summoning
 L - 2 scrolls of magic mapping {unknown}
 R - a scroll of torment {unknown}
Potions
 d - 2 potions of might
 h - 2 potions of lignification {unknown}
 k - 3 potions of cancellation {unknown}
 m - a potion of haste
 r - a potion of invisibility
 x - a potion of berserk rage
 z - a potion of magic
 A - 6 potions of curing
 B - 2 potions of resistance {unknown}
 I - 2 potions of degeneration {unknown}
 S - a potion of brilliance {unknown}


   Skills:
 + Level 9.7 Fighting
 + Level 14.0 Long Blades
 + Level 12.5 Armour
 + Level 6.0 Dodging
 + Level 2.6 Stealth
 + Level 8.1 Shields
 + Level 1.5 Invocations
 + Level 1.6 Evocations


You had 10 spell levels left.
You didn't know any spells.
Your spell library contained the following spells:

 Spells                   Type           Power      Damage    Failure   Level
 Apportation              Tloc           0%         N/A       98%         1
 Magic Dart               Conj           0%         1d3       98%         1
 Sandblast                Erth           0%         2d4       98%         1
 Ensorcelled Hibernation  Hex/Ice        0%         N/A       99%         2
 Passwall                 Tmut/Erth      0%         N/A       99%         2
 Mephitic Cloud           Conj/Pois/Air  0%         N/A       100%        3
 Ozocubu's Armour         Ice            0%         N/A       100%        3
 Spider Form              Tmut/Pois      0%         N/A       100%        3
 Stone Arrow              Conj/Erth      0%         3d7       100%        3
 Metabolic Englaciation   Hex/Ice        0%         N/A       100%        5
 Borgnjor's Revivificati  Necr           0%         N/A       100%        8
 Necromutation            Tmut/Necr      0%         N/A       100%        8
 Death's Door             Necr           0%         N/A       100%        9
 Animate Skeleton         Necr           Unusable   N/A       N/A         1
 Summon Small Mammal      Summ           Unusable   N/A       N/A         1
 Call Imp                 Summ           Unusable   N/A       N/A         2
 Tukima's Dance           Hex            Unusable   N/A       N/A         3
 Simulacrum               Ice/Necr       Unusable   N/A       N/A         6

Dungeon Overview and Level Annotations

Branches:
Dungeon (11/15)            Temple (1/1) D:7            Lair (0/6) D:8
    Orc (0/2) D:10

Altars:
Cheibriados
Dithmenos
Elyvilon
Fedhas
Makhleb
Nemelex Xobeh
Okawaru
Qazlal
Sif Muna
Uskayaw
Vehumet
Xom
Yredelemnul

Portals:
Trove: D:10 (give 4 scrolls of blinking)

Annotations:
D:6 3 runed translucent doors, fly's ghost, novice FoDe
D:10 exclusion: orange crystal statue


Innate Abilities, Weirdness & Mutations

You have a pair of horns on your head.
You reflexively headbutt those who attack you in melee.


Message History

Your limbs are stiffening.
Unknown command.
You slice the basilisk!!
The basilisk seems to slow down.
You freeze the basilisk! You headbutt the basilisk!
You kill the basilisk!
Okawaru accepts your kill.
The shadow strikes at you from the darkness!
* * * LOW HITPOINT WARNING * * *
Unknown command.
You closely miss the shadow. You headbutt the shadow.
The shadow is moderately damaged.
The shadow barely misses you. You furiously retaliate!
You headbutt the shadow.
You have turned to stone.
The shadow hits you. x2
The shadow slips into darkness.
The shadow flickers and vanishes!
Deactivating autopickup; reactivate with Ctrl-A.
The shadow strikes at you from the darkness!
* * * LOW HITPOINT WARNING * * *
Reactivating autopickup.
The shadow hits you. x4
* * * LOW HITPOINT WARNING * * *
You turn to flesh and can move again.
You hit the shadow but do no damage.
You headbutt the shadow, but do no damage.
The shadow is heavily damaged.
You block the shadow's attack.
Unknown command.
You barely miss the shadow. You headbutt the shadow!
The shadow is severely damaged.
Unknown command.
You hit the shadow.
The shadow is almost destroyed.
The shadow slips into darkness.
The shadow flickers and vanishes!
Deactivating autopickup; reactivate with Ctrl-A.
Unknown command.
You barely miss something.
The shadow strikes at you from the darkness!
You die...

##..>#.......# #.#
######.......# #.##
.......(.....# #..#
#######......# ##.# #
#......# #.###### #
#......# #.)....######## #
#?.....######.##...........
#
#...#.###........##....)...
#
#.###..##.@##.........###..
# #.# ##..#.#{####...####
#..
#######.#####...##†..#####
##..
......#.....##...#.......
#...
.............##..#..#....
#..# ..............#..##..
### ##..#
..............#...#..#
#..##
..............#...#..# #..#
..............#...#..#
#..##


There were no monsters in sight!

Vanquished Creatures
  Fannar (D:10)
  Erolcha (D:10)
  3 two-headed ogres
  Sonja (D:11)
  Pikel (D:7)
  2 manticores (D:11)
  Psyche (D:10)
  2 unseen horrors
  5 trolls
  A hornet (D:9)
  A shadow (D:10)
  A basilisk (D:11)
  8 yaks
  A wraith (D:11)
  Eustachio (D:5)
  A steam dragon (D:7)
  Menkaure (D:5)
  An acid dragon (D:10)
  5 water moccasins
  3 orc warriors
  2 ice beasts (D:5)
  3 black bears
  2 sky beasts
  3 wolves (D:8)
  3 centaurs
  4 necrophages
  2 ogres
  A kobold brigand (D:8)
  6 scorpions
  A bullfrog (D:3)
  3 gnoll sergeants
  A water moccasin zombie (D:5)
  A water moccasin skeleton (D:4)
  5 wights (D:9)
  4 electric eels (D:8)
  A howler monkey (D:7)
  3 centaur zombies
  4 jellies
  5 orc priests
  4 gnoll shamans
  7 hounds
  Jessica (D:3)
  Natasha (thrice) (D:4)
  5 iguanas
  15 orc wizards
  A small abomination (Abyss:1)
  A killer bee zombie (D:6)
  A howler monkey zombie (D:9)
  34 gnolls
  10 adders
  3 ufetubi
  A dart slug (D:3)
  41 orcs
  5 ball pythons
  8 endoplasms
  3 giant cockroaches
  9 goblins
  4 hobgoblins
  4 jackals (D:1)
  5 quokkas
  4 bats
  7 frilled lizards
  10 kobolds
  8 rats
289 creatures vanquished.

Vanquished Creatures (others)
  A howler monkey zombie (D:11)
1 creature vanquished.

Grand Total: 290 creatures vanquished

Notes
Turn   | Place    | Note
-------+----------+-------------------------------------------
     0 | D:1      | Peloso the Minotaur Fighter began the quest for the Orb.
     0 | D:1      | Reached XP level 1. HP: 19/19 MP: 0/0
    92 | D:1      | Reached XP level 2. HP: 21/27 MP: 1/1
   732 | D:2      | Reached XP level 3. HP: 33/33 MP: 2/2
   753 | D:2      | Reached skill level 3 in Long Blades
   927 | D:2      | You fall into a shaft and drop 1 floor!
   927 | D:3      | Noticed Jessica
   927 | D:3      | Noticed a bullfrog
   937 | D:3      | Killed a bullfrog
   938 | D:3      | Reached XP level 4. HP: 21/41 MP: 3/3
   952 | D:3      | Killed Jessica
   953 | D:3      | Reached skill level 4 in Long Blades
   953 | D:3      | Reached XP level 5. HP: 5/47 MP: 4/4
  1294 | D:3      | Reached skill level 5 in Armour
  1294 | D:3      | Reached skill level 1 in Dodging
  2491 | D:4      | Noticed Natasha
  2496 | D:4      | Killed Natasha
  2497 | D:4      | Reached XP level 6. HP: 53/53 MP: 5/5
  2514 | D:4      | Reached skill level 5 in Long Blades
  2781 | D:4      | Reached XP level 7. HP: 50/60 MP: 6/6
  2845 | D:4      | Noticed Natasha
  2849 | D:4      | Killed Natasha
  2850 | D:4      | Reached skill level 6 in Long Blades
  2950 | D:4      | Reached skill level 5 in Fighting
  3030 | D:4      | Reached skill level 1 in Stealth
  3483 | D:4      | Noticed Natasha
  3488 | D:4      | Killed Natasha
  3544 | D:5      | Entered Level 5 of the Dungeon
  3579 | D:5      | Reached skill level 7 in Long Blades
  3635 | D:5      | Reached skill level 5 in Shields
  3635 | D:5      | Reached XP level 8. HP: 65/68 MP: 7/7
  3794 | D:5      | Reached skill level 8 in Long Blades
  4442 | D:5      | Noticed Eustachio
  4455 | D:5      | Killed Eustachio
  4747 | D:5      | Noticed Menkaure
  4752 | D:5      | Killed Menkaure
  4753 | D:5      | Reached XP level 9. HP: 28/75 MP: 8/8
  4757 | D:5      | Reached skill level 9 in Long Blades
  5100 | D:5      | Found a shadowy altar of Dithmenos.
  5537 | D:6      | Noticed a kobold demonologist
  5538 | D:6      | Found a runed translucent gate.
  5538 | D:6      | Found a runed translucent gate.
  5538 | D:6      | Found a runed translucent gate.
  5538 | D:6      | Noticed fly's ghost (novice FoDe)
  6126 | D:7      | Reached skill level 10 in Long Blades
  6419 | D:7      | Noticed Pikel
  6426 | D:7      | Killed Pikel
  6427 | D:7      | Reached skill level 5 in Dodging
  6609 | D:7      | Reached skill level 11 in Long Blades
  6670 | D:7      | Reached XP level 10. HP: 54/86 MP: 9/9
  7109 | D:7      | Found a staircase to the Ecumenical Temple.
  7134 | Temple   | Entered the Ecumenical Temple
  7329 | Temple   | Became a worshipper of Warmaster Okawaru
  7521 | D:8      | Found a staircase to the Lair.
  7752 | D:8      | Reached * piety under Okawaru
  8535 | D:9      | Reached skill level 1 in Evocations
  8913 | D:9      | Reached skill level 12 in Long Blades
  8913 | D:9      | Reached ** piety under Okawaru
  8975 | D:9      | Noticed a two-headed ogre
  8981 | D:9      | Killed a two-headed ogre
  8982 | D:9      | Reached skill level 10 in Armour
  9314 | D:10     | Entered Level 10 of the Dungeon
  9444 | D:10     | Found a staircase to the Orcish Mines.
  9535 | D:10     | Noticed an orange crystal statue
  9567 | D:10     | HP: 4/90 [something (6)]
  9569 | D:10     | Reached *** piety under Okawaru
  9570 | D:10     | Reached XP level 11. HP: 5/95 MP: 2/10
 10128 | D:10     | Noticed Fannar
 10148 | D:10     | Killed Fannar
 10500 | D:10     | Noticed Erolcha
 10500 | D:10     | Cast into level 1 of the Abyss (Erolcha)
 10523 | Abyss:1  | Reached skill level 13 in Long Blades
 10622 | D:10     | Escaped the Abyss
 10630 | D:10     | Killed Erolcha
 10858 | D:10     | Reached skill level 1 in Invocations
 10893 | D:10     | Found a portal to a secret trove of treasure.
 10895 | D:10     | Noticed Psyche
 10903 | D:10     | Killed Psyche
 10903 | D:10     | Reached **** piety under Okawaru
 11793 | D:11     | Noticed a two-headed ogre
 11800 | D:11     | Killed a two-headed ogre
 11928 | D:11     | Noticed Sonja
 11933 | D:11     | Killed Sonja
 12106 | D:11     | Received a gift from Okawaru
 12153 | D:11     | Noticed a two-headed ogre
 12158 | D:11     | Killed a two-headed ogre
 12276 | D:11     | Reached ***** piety under Okawaru
 12277 | D:11     | Reached skill level 14 in Long Blades
 12292 | D:11     | Slain by a shadow

Illustrated notes

Levels and vault maps discovered:
D:1:      scummos_arrival_star, layout_rooms, hangedman_decor_diamond_cutter,
          serial_park_tiny_pond, minmay_strange_pillars, glass_columns_a,
          chequers_hall_statues_y, ebering_dispersal_statue_hall
D:2:      layout_basic
D:3:      layout_rooms, chequers_decorated_corner, uniq_jessica
D:4:      layout_loops_ring, uniq_natasha
D:5:      kennysheep_spiral_hall, layout_basic,
          nicolae_dithmenos_through_a_glass_darkly,
          corexii_item_surrounded_by_moat, uniq_menkaure, uniq_eustachio
D:6:      layout_loops_ring, gammafunk_ghost_nasty_kobolds
D:7:      layout_loops_ring, lemuel_temple_firewalk_b, uniq_pikel
D:8:      layout_basic, erik_lair_island, minmay_misc_feat_plants,
          minmay_misc_feat_diagonals
D:9:      layout_gridville
D:10:     layout_loops_corners, hiddenorc1_lemuel, nicolae_trove_entry_isolated,
          chequers_hall_statues_corner_a, minivault_16, uniq_psyche,
          uniq_fannar, uniq_erolcha
D:11:     layout_rooms, minmay_pinched_square, uniq_sonja
Temple:   mainiacjoe_temple_trianglar_array

Skill      XL: |  1  2  3  4  5  6  7  8  9 10 11 |
---------------+----------------------------------+-----
Fighting       | 4 5 6 7 8 9 |  9.7
Armour         | 4 5 6 7 8 9 10 12 | 12.5
Shields        | 4 5 6 7 8 |  8.1
Long Blades    | 3 4 5 7 8 11 12 14 | 14.0
Dodging        | 1 3 5 6 |  6.0
Stealth        | 1 2 |  2.6
Evocations     | 1 |  1.6
Invocations    | 1 |  1.5

Action                   |  1- 3 |  4- 6 |  7- 9 | 10-12 || total
-------------------------+-------+-------+-------+-------++-------
Melee: Long sword        |    79 |    96 |   291 |   341 ||   807
       Headbutt          |     9 |    18 |    69 |    93 ||   189
Invok: Heroism           |       |       |       |     4 ||     4
Evoke: Wand              |       |       |       |    10 ||    10
  Use: Potion            |     1 |     1 |       |     2 ||     4
       Scroll            |       |       |     5 |     7 ||    12
 Stab: Distracted        |       |     1 |       |       ||     1
       Paralysed         |       |       |       |     1 ||     1
Armor: Scale mail        |    51 |    37 |   131 |    32 ||   251
       Plate armour      |       |       |       |   109 ||   109
Dodge: Dodged            |    60 |    61 |   159 |   190 ||   470
Block: Buckler           |    29 |    30 |    75 |    85 ||   219

Table legend: (Time is in decaauts)
 A = Elapsed time spent in this place.
 B = Non-inter-level travel time spent in this place.
 C = Inter-level travel time spent in this place.
 D = Time resting spent in this place.
 E = Time spent auto-exploring this place.
 F = Levels seen in this place.
 G = Mean time per level.
                   A        B        C        D        E       F      G
               +--------+--------+--------+--------+--------+-----+--------+
         Total |  12251 |  11911 |    340 |    279 |   9338 |  13 |  942.4 |
       Dungeon |  11915 |  11575 |    340 |    279 |   9094 |  11 | 1083.2 |
        Temple |    216 |    216 |      0 |      0 |    181 |   1 |  216.0 |
         Abyss |    119 |    119 |      0 |      0 |     63 |   1 |  119.0 |
               +--------+--------+--------+--------+--------+-----+--------+

Top non-repeatable levels by time:
    D:10: 1928 daAuts
     D:5: 1842 daAuts
     D:8: 1089 daAuts
     D:4: 1079 daAuts
     D:7: 1069 daAuts
     D:3: 1020 daAuts
    D:11: 884 daAuts
     D:9: 786 daAuts
     D:2: 745 daAuts
     D:1: 741 daAuts
     D:6: 726 daAuts
  Temple: 216 daAuts
 Abyss:1: 119 daAuts
